 Dungeon Crawl Stone Soup version 0.28-a0-1506-g3893175d92 (webtiles) character file.

Game seed: 6556722531147123333

109 agentchuck the Conjurer (level 4, -1/33 HPs)
             Began as a Hill Orc Hedge Wizard on Jan 13, 2022.
             Slain by Grinder (2 damage)
             ... while paralysed by Grinder
             ... on level 3 of the Dungeon.
             The game lasted 00:12:48 (3842 turns).

agentchuck the Conjurer (Hill Orc Hedge Wizard)     Turns: 3842, Time: 00:12:48

Health: -1/33      AC:  3    Str: 12    XL:     4   Next: 90%
Magic:  1/7        EV:  2    Int: 16    God:
Gold:   44         SH:  0    Dex: 10    Spells: 1/8 levels left

rFire   . . .      SeeInvis .   i - +0 short sword (protect)
rCold   . . .      Faith    .   (no shield)
rNeg    . . .      Spirit   .   b - +0 robe
rPois   .          Reflect  .   c - +0 hat
rElec   .          Harm     .   (no cloak)
rCorr   .          Rampage  .   (no gloves)
Will    .....                   p - +0 pair of boots
Stlth   ++........              (no amulet)
HPRegen 0.11/turn               (no ring)
MPRegen 0.10/turn               (no ring)

@: paralysed
A: no striking features
a: no special abilities


You were on level 3 of the Dungeon.
You visited 1 branch of the dungeon, and saw 3 of its levels.

You collected 102 gold pieces.
You spent 58 gold pieces at shops.


   Skills:
 - Level 1.5 Dodging
 - Level 1.5 Stealth
 + Level 2.5 Spellcasting
 + Level 4.4 Conjurations
 - Level 1.0 Summonings
 - Level 0.7 Translocations


You had one spell level left.
You knew the following spells:

 Your Spells              Type           Power      Damage    Failure   Level
c - Call Imp              Summ           5%         N/A       21%         2
m - Mephitic Cloud        Conj/Pois/Air  6%         N/A       32%         3
s - Slow                  Hex            8%         N/A       21%         1
z - Magic Dart            Conj           64%        1d6       3%          1

Your spell library contained the following spells:

 Spells                   Type           Power      Damage    Failure   Level
 Blink                    Tloc           8%         N/A       22%         2
 Conjure Flame            Conj/Fire      9%         6-21      24%         3
 Corpse Rot               Necr/Air       4%         N/A       30%         2
 Poisonous Vapours        Pois/Air       4%         N/A       30%         2

Inventory:

Hand Weapons
 a - a +0 dagger
 i - a +0 short sword of protection (weapon)
Armour
 b - a +0 robe (worn)
 c - a +0 hat (worn)
 p - a +0 pair of boots (worn)
Scrolls
 e - a scroll of blinking {unknown}
 h - a scroll of noise {unknown}
 j - a scroll of brand weapon
 l - a scroll of teleportation {unknown}
 m - a scroll of acquirement {unknown}
 n - a scroll of enchant weapon {unknown}
 o - 2 scrolls of identify {unknown}
Potions
 d - a potion of curing {unknown}
 f - a potion of invisibility {unknown}
 g - a potion of heal wounds {unknown}
 k - 2 potions of resistance {unknown}
 q - a potion of might {unknown}

Dungeon Overview and Level Annotations

Branches:
Dungeon (3/15)

Altars:

Shops:
D:1 =?[(*

Annotations:
D:2 Terence
D:3 Grinder

#......# #.)....# #......##
#.......# #.......# #.......#
#.......# #
#####################........
#
#.........55@................
#
#.####################.######
# #.# #<....#............# #
#.###..##.#.############ #
#.#....##.#.# # #.#.#.###.#.#
# #.#.#.###.#.# #
#5#.#.....#.# # #.#.#####.#.#


You could see Grinder (ally target) and a friendly crimson imp (summoned).


Message History

r - Retreat! s - Stop attacking. g - Guard the area. f - Follow me.
Anything else - Cancel.
Gang up on whom?
Press: ? - help, Dir - move target, f - you
Okay, then.
Your crimson imp barely misses Grinder.
Grinder blinks!
Casting: Call Imp (safe; 21% risk of failure)
Confirm with . or Enter, or press ? or * to list all spells.
Aiming: Magic Dart (safe; 3% risk of failure)
Press: ? - help, Shift-Dir - straight line, f/p - Grinder
Aim: Grinder (moderately wounded, 100% to hit)
The magic dart hits Grinder.
Grinder is moderately wounded.
Grinder gestures at you. Pain shoots through your body!
* * * LOW HITPOINT WARNING * * *
Grinder gestures at you.
You suddenly lose the ability to move!
Grinder hits you.
* * * LOW HITPOINT WARNING * * *
You writhe in agony.
* * * LOW HITPOINT WARNING * * *
Grinder hits you.
* * * LOW HITPOINT WARNING * * *
You writhe in agony.
* * * LOW HITPOINT WARNING * * *
Grinder hits you.
You die...

Skill      XL: |  1  2  3 |
---------------+----------+-----
Conjurations   | 2 4 |  4.4
Dodging        | |  1.5
Stealth        | |  1.5
Spellcasting   | |  2.5
Summonings     | |  1.0
Translocations | |  0.7

Action                   |  1- 3 |  4- 6 || total
-------------------------+-------+-------++-------
Melee: Dagger            |    19 |       ||    19
       Short sword       |    13 |    15 ||    28
 Cast: Magic Dart        |   101 |    26 ||   127
       Call Imp          |     5 |    14 ||    19
  Use: Scroll            |     1 |       ||     1
Armor: Robe              |    20 |     3 ||    23
Dodge: Dodged            |    35 |     9 ||    44

Levels and vault maps discovered:
D:1:      dpeg_arrival_erosion, layout_basic, serial_shops, shop, shop, shop,
          nicolae_diamond_shop, shop, fountainhead, minmay_tetromino_s2
D:2:      layout_loops_cross, st_stairs_1, uniq_terence, uniq_jessica
D:3:      layout_basic, minitemple, nicolae_ru_the_path_less_chosen,
          mainiacjoe_overflow_catch_the_wave,
          hellmonk_ecumenical_altar_inner_sanctum, kennysheep_generic_room_3,
          uniq_grinder

Notes
Turn   | Place    | Note
-------+----------+-------------------------------------------
     0 | D:1      | agentchuck the Hill Orc Hedge Wizard began the quest for
                  | the Orb.
     0 | D:1      | Reached XP level 1. HP: 14/14 MP: 3/3
   116 | D:1      | Found Fusikaygge's Magic Scroll Boutique.
   117 | D:1      | Found Luzigrag's Antique Weapon Shoppe.
   154 | D:1      | You fall into a shaft and drop 1 floor!
   341 | D:1      | Reached skill level 2 in Conjurations
   341 | D:1      | Reached XP level 2. HP: 5/20 MP: 0/5
   654 | D:1      | Learned a level 2 spell: Call Imp
  1062 | D:1      | Found Tidwaput's Jewellery Emporium.
  1185 | D:1      | Found Cengin's Armour Boutique.
  1480 | D:1      | Reached XP level 3. HP: 26/26 MP: 2/6
  1601 | D:1      | Reached skill level 3 in Conjurations
  1798 | D:1      | Found Baguyjug's Assorted Antiques.
  1872 | D:1      | Bought a scroll labelled BEAGGIR PEEFOMAMN for 29 gold
                  | pieces
  1872 | D:1      | Bought a scroll labelled HYCEIPT IDYTYFO for 29 gold pieces
  2613 | D:2      | Noticed Jessica
  2643 | D:2      | Killed Jessica
  2644 | D:2      | Reached skill level 4 in Conjurations
  2644 | D:2      | Reached XP level 4. HP: 26/33 MP: 1/7
  2896 | D:2      | Learned a level 3 spell: Mephitic Cloud
  3133 | D:2      | Noticed Terence
  3380 | D:2      | Learned a level 1 spell: Slow
  3788 | D:3      | Noticed Grinder
  3836 | D:3      | Paralysed by Grinder for 7 turns
  3841 | D:3      | HP: 1/33 [Grinder (3)]
  3842 | D:3      | Slain by Grinder

Vanquished Creatures
  Jessica (D:2)
  2 adders (D:2)
  2 dart slugs
  2 endoplasms (D:1)
  5 giant cockroaches
  6 goblins
  A hobgoblin (D:1)
  3 jackals (D:2)
  3 quokkas (D:1)
  7 ball pythons
  5 bats (D:1)
  3 frilled lizards (D:1)
  2 kobolds
  A rat (D:3)
43 creatures vanquished.

Vanquished Creatures (collateral kills)
  An adder (D:2)
  2 worms (D:2)
3 creatures vanquished.

Grand Total: 46 creatures vanquished

Table legend: (Time is in decaauts)
 A = Elapsed time spent in this place.
 B = Non-inter-level travel time spent in this place.
 C = Inter-level travel time spent in this place.
 D = Time resting spent in this place.
 E = Time spent auto-exploring this place.
 F = Levels seen in this place.
 G = Mean time per level.
                   A        B        C        D        E       F      G
               +--------+--------+--------+--------+--------+-----+--------+
         Total |   3847 |   3679 |    168 |   1706 |   1108 |   3 | 1282.3 |
       Dungeon |   3847 |   3679 |    168 |   1706 |   1108 |   3 | 1282.3 |
               +--------+--------+--------+--------+--------+-----+--------+

Top non-repeatable levels by time:
     D:1: 2027 daAuts
     D:2: 1611 daAuts
     D:3: 209 daAuts

Table legend:
 A = Non-vault XP
 B = Vault XP
 C = Vault XP percentage of total XP
 D = Non-vault monster count
 E = Vault monster count
 F = Vault count percentage of total count
                 A         B        C        D         E       F
            +---------+---------+-------+---------+---------+-------
      Total |     114 |      43 |  27.4 |      42 |       4 |   8.7
            +---------+---------+-------+---------+---------+-------
        D:1 |      44 |       2 |   4.3 |      27 |       1 |   3.6
        D:2 |      67 |      41 |  38.0 |      13 |       3 |  18.8
        D:3 |       3 |       0 |   0.0 |       2 |       0 |   0.0
            +---------+---------+-------+---------+---------+-------
